 Dungeon Crawl Stone Soup version 0.28.0 (webtiles) character file.

Game seed: 733568852803791681

53 HallandMoats the Skirmisher (level 3, 33/33 HPs)
             Began as a Ghoul Monk on Feb 7, 2022.
             Was a Follower of Uskayaw.
             Safely got out of the dungeon.
             The game lasted 00:01:22 (1062 turns).

HallandMoats the Skirmisher (Ghoul Monk)            Turns: 1062, Time: 00:01:23

Health: 33/33      AC:  2    Str: 16    XL:     3   Next: 89%
Magic:  2/2        EV: 12    Int:  5    God:    Uskayaw [*.....]
Gold:   75         SH:  0    Dex: 11    Spells: 2/2 levels left

rFire   . . .      SeeInvis .     - Unarmed
rCold   + . .      Faith    .   (no shield)
rNeg    + + +      Spirit   .   a - +0 robe
rPois   ∞          Reflect  .   (no helmet)
rElec   .          Harm     .   (no cloak)
rCorr   .          Rampage  .   (no gloves)
Will    .....                   (no boots)
Stlth   ++........              (no amulet)
HPRegen 0.11/turn               (no ring)
MPRegen 0.08/turn               (no ring)

@: no status effects
A: claws 1, cold resistance 1, negative energy resistance 3, inhibited
regeneration, torment resistance 2
a: Renounce Religion, Stomp


You escaped.
You worshipped Uskayaw.
Uskayaw was noncommittal.
You visited 1 branch of the dungeon, and saw 2 of its levels.

You collected 75 gold pieces.

Inventory:

Armour
 a - a +0 robe (worn)
Scrolls
 b - 2 scrolls of blinking {unknown}
 c - a scroll of identify {unknown}
 e - a scroll of teleportation {unknown}
 f - a scroll of vulnerability {unknown}
 j - a scroll of summoning {unknown}
Potions
 d - a potion of haste {unknown}
 g - a potion of brilliance {unknown}
 h - a potion of degeneration {unknown}
 i - a potion of curing {unknown}


   Skills:
 * Level 3.8 Fighting
 * Level 1.1 Armour
 * Level 3.0 Dodging
 - Level 2.1 Stealth
 * Level 3.7 Unarmed Combat
 + Level 1.2 Invocations


You had 2 spell levels left.
You didn't know any spells.
Your spell library contained the following spells:

 Spells                   Type           Power      Damage    Failure   Level
 Summon Small Mammal      Summ           0%         N/A       47%         1
 Call Canine Familiar     Summ           0%         N/A       85%         3
 Summon Guardian Golem    Hex/Summ       0%         N/A       85%         3


Dungeon Overview and Level Annotations

Branches:
Dungeon (2/15)

Altars:
Uskayaw


Innate Abilities, Weirdness & Mutations

You thrive by killing the living.
You are immune to poison.
You have sharp fingernails.
Your flesh is cold resistant. (rC+)
You are immune to negative energy. (rN+++)
You do not regenerate when monsters are visible.
You are immune to unholy pain and torment.


Message History

Found a stone staircase leading down.
A hobgoblin comes into view.
A hobgoblin is nearby!
There is a stone staircase leading up here.
Found a ring mail.
The helpless hobgoblin fails to defend itself.
You scratch the hobgoblin.
The hobgoblin is moderately wounded.
The hobgoblin closely misses you.
You claw the hobgoblin!
You kill the hobgoblin!
No target in view!
No target in view!
No target in view!
No target in view!
No target in view!
No target in view!
No target in view!
No target in view!
No target in view!
Found a faded altar of an unknown god.
You see here a +0 ring mail.
Found a stone staircase leading down.
There is a faded altar of an unknown god here.
You cannot tell which god this altar belongs to.
Convert to them anyway?
Uskayaw accepts your prayer! Uskayaw welcomes you!
You can now stomp with the beat.
You can now pass through a line of other dancers.
(D) Dungeon
Where to? (Enter - D:2, ? - help)
What level of the Dungeon? (default 1, ? - help)
You see here a +0 ring mail.
There is a stone staircase leading up here.
You climb upwards.
There is a stone staircase leading down here.
There is an open door here.
There is a staircase leading out of the dungeon here.
Are you sure you want to leave the Dungeon?
This will make you lose the game!
You have escaped!

#.......# ####'#####.#
#.###..
#..####.######.#####.#
#..##.. #..#
#..............#
##.##.. #..#
#....⌠.........#
#..### ...#
#.#....###.##### ##.##
##.# #.###..###'##
####..##
.#.####.###..##...#
#.......
.#.#.....##).##...#
#..(....
.#...##..##..##.@.#
#.......
.##..##..##..##...#
#.......
'##.####.##..##...#
#....... ..#.#
#.##..###### #.......
..#.# #.##..# #.......
..'(# #.....# #.......
..### ####### #.......
..# #######. ..# ##


There were no monsters in sight!

Vanquished Creatures
  2 adders (D:2)
  3 ball pythons
  4 bats
  An endoplasm (D:2)
  2 giant cockroaches
  A hobgoblin (D:2)
  9 jackals (D:1)
  4 kobolds
  A quokka (D:2)
  2 rats (D:1)
29 creatures vanquished.

Notes
Turn   | Place    | Note
-------+----------+-------------------------------------------
     0 | D:1      | HallandMoats the Ghoul Monk began the quest for the Orb.
     0 | D:1      | Reached XP level 1. HP: 19/19 MP: 0/0
   206 | D:1      | Reached XP level 2. HP: 26/26 MP: 1/1
   797 | D:2      | Reached XP level 3. HP: 28/31 MP: 2/2
   813 | D:2      | Reached skill level 1 in Invocations
   876 | D:2      | Reached skill level 1 in Armour
   989 | D:2      | Found a faded altar of an unknown god.
  1017 | D:2      | Prayed at the altar of an unknown god.
  1017 | D:2      | Became a worshipper of Uskayaw the Reveller
  1017 | D:2      | Reached * piety under Uskayaw
  1017 | D:2      | Reached ** piety under Uskayaw
  1062 | D:$      | Safely got out of the dungeon.

Illustrated notes

Levels and vault maps discovered:
D:1:      dpeg_arrival_rooms_a, layout_basic, minmay_cupped
D:2:      layout_rooms, chequers_ecumenical_altar_simple, serial_shops, shop

Skill      XL: |  1  2  3 |
---------------+----------+-----
Dodging        | 3 |  3.0
Invocations    | 1 |  1.2
Armour         | 1 |  1.1
Fighting       | |  3.8
Stealth        | |  2.1
Unarmed Combat | |  3.7

Action                   || total
-------------------------++-------
Melee: Unarmed           ||   101
       Punch             ||     4
 Stab: Sleeping          ||     5
Armor: Robe              ||    19
Dodge: Dodged            ||    77
